 Dungeon Crawl Stone Soup version 0.30-a0-313-gae38170b09 (webtiles) character file.

Game seed: 13647464209633019001

1310 lunkers the Grappler (level 9, -1/73 (74) HPs)
             Began as a Meteoran Cinder Acolyte on Oct 24, 2022.
             Was an Initiate of Ru.
             Slain by a wight
             ... wielding a +4 battleaxe of freezing
              (8 damage)
             ... on level 6 of the Dungeon on Oct 26, 2022.
             The game lasted 00:07:53 (2513 turns).

lunkers the Grappler (Meteoran Cinder Acolyte)      Turns: 2513, Time: 00:07:54

HP:   -1/73 (74)    AC:  5    Str: 17    XL:     9   Next: 12%
MP:   10/12         EV: 13    Int: 19    God:    Ru [......]
Gold: 307           SH:  0    Dex: 10    Spells: 9/11 levels left

rFire   . . .      SeeInvis .      - Unarmed
rCold   . . .      Faith    .    (no shield)
rNeg    . . .      Spirit   .    a - +0 robe
rPois   .          Reflect  .    q - +0 helmet
rElec   .          Harm     .    b - scarf {repulsion}
rCorr   .          Rampage  .    h - +1 pair of gloves
Will    +....                    (no boots)
Stlth   +.........               (no amulet)
HPRegen 0.32/turn                (no ring)
MPRegen 0.13/turn                (no ring)

@: weakened, glowing, lightly drained, repel missiles, fire susceptible
A: sense surroundings 2, otherworldly, glowing, explore regen
a: Renounce Religion


You were on level 6 of the Dungeon.
You worshipped Ru.
Ru was noncommittal.
You visited 1 branch of the dungeon, and saw 6 of its levels.

You collected 307 gold pieces.

Inventory:

Hand Weapons
 m - a +2 spear of freezing
Armour
 a - a +0 robe (worn)
 b - a scarf of repulsion (worn)
 h - a +1 pair of gloves (worn)
 q - a +0 helmet (worn)
Wands
 n - a wand of roots (8)
Scrolls
 f - 2 scrolls of fog
 i - a scroll of teleportation
 r - a scroll of magic mapping
 t - a scroll of immolation
 w - a scroll of fear
Potions
 c - 2 potions of brilliance
 d - 2 potions of mutation
 g - 5 potions of attraction
 j - a potion of berserk rage {unknown}
 k - a potion of invisibility {unknown}
 l - a potion of degeneration {unknown}
 s - a potion of cancellation {unknown}
 u - a potion of flight {unknown}
 v - a potion of heal wounds {unknown}
 x - a potion of might {unknown}


   Skills:
 + Level 5.2 Fighting
 + Level 4.1 Dodging
 * Level 10.9 Unarmed Combat
 - Level 1.5 Spellcasting
 - Level 3.8 Fire Magic


You had 9 spell levels left.
You knew the following spells:

 Your Spells              Type           Power      Damage    Failure   Level
p - Scorch                Fire           32%        2d6       5%          2

Your spell library contained the following spells:

 Spells                   Type           Power      Damage    Failure   Level
 Summon Forest            Summ/Tloc      0%         N/A       99%         5
 Summon Mana Viper        Hex/Summ       1%         N/A       99%         5
 Summon Cactus Giant      Summ           0%         N/A       100%        6


Dungeon Overview and Level Annotations

Branches:
Dungeon (6/15) Zot: 1118
 Temple: D:4-7

Altars:
Qazlal
Ru
Xom

Shops:
D:2 (


Innate Abilities, Weirdness & Mutations

You passively map the area around you.
You are easily found by Zot.
You glow in the dark.
You regain HP and MP as you explore.


Message History

The wight hits you with a +3 short sword.
* * * LOW HITPOINT WARNING * * *
The wight attacks as you move away!
The wight hits you with a +3 short sword!
* * * LOW HITPOINT WARNING * * *
You feel drained.
* * * LOW HITPOINT WARNING * * *
The gnoll bouda is no longer more vulnerable to fire.
The wight attacks as you move away!
The wight hits you with a +3 short sword.
* * * LOW HITPOINT WARNING * * *
You barely miss the wight. You closely miss the wight.
The wight barely misses you.
You hit the wight.
The wight is moderately damaged.
The wight completely misses you.
You punch the wight!
The wight is almost destroyed.
The wight hits you with a +3 short sword.
* * * LOW HITPOINT WARNING * * *
You feel drained.
You punch the wight!
You destroy the wight!
You closely miss the wight. You barely miss the wight.
Your punch misses the wight.
The gnoll bouda gazes fiercely through you!
You feel your attacks grow feeble. The wight closely misses you.
You hit the wight. Your punch misses the wight.
The wight is moderately damaged.
The wight hits you with a +4 battleaxe of freezing.
* * * LOW HITPOINT WARNING * * *
The wight freezes you.
* * * LOW HITPOINT WARNING * * *
You hit the wight but do no damage.
The wight is moderately damaged.
The wight hits you with a +4 battleaxe of freezing!
* * * LOW HITPOINT WARNING * * *
The wight freezes you!
You die...

#.###...###..$....§§§§§
#.#..z...*#####..._§..#
#....#**,,,***###...###
#.)######,,,,,,*#####,,
#.###...###,,,,,,***,,,
#....._...#####,,,,,,**
###.#...#...[.###,,,***
#..######.....#####.,
##gz@.....##........*
########.†..#......,
####...##**** #####


You could see a gnoll bouda and a wight.

Vanquished Creatures
  A water moccasin (D:6)
  3 black bears
  An ice beast (D:5)
  2 phantoms (D:5)
  2 scorpions (D:5)
  2 wights (D:6)
  4 hounds
  2 jellies
  An orc priest (D:5)
  3 iguanas
  An orc wizard (D:5)
  3 adders
  5 gnolls
  An ufetubus (D:5)
  3 worms
  A dart slug (D:2)
  6 orcs
  An endoplasm (D:4)
  2 giant cockroaches
  6 goblins
  5 hobgoblins
  7 jackals
  4 quokkas
  8 ball pythons
  6 bats
  2 frilled lizards
  2 kobolds (D:3)
  6 rats
90 creatures vanquished.

Notes
Turn   | Place    | Note
-------+----------+-------------------------------------------
     0 | D:1      | lunkers the Meteoran Cinder Acolyte began the quest for the
                  | Orb.
     0 | D:1      | Reached XP level 1. HP: 19/19 MP: 3/3
   195 | D:1      | Reached XP level 2. HP: 23/26 MP: 5/5
   198 | D:1      | Learned a level 2 spell: Scorch
   260 | D:2      | Reached skill level 4 in Unarmed Combat
   289 | D:2      | Found Sirhet's Weapon Emporium.
   383 | D:2      | Reached XP level 3. HP: 23/31 MP: 3/6
   450 | D:2      | Reached skill level 5 in Unarmed Combat
   768 | D:3      | Noticed a black bear
   774 | D:3      | Killed a black bear
   775 | D:3      | Reached skill level 6 in Unarmed Combat
   775 | D:3      | Reached XP level 4. HP: 17/38 MP: 0/7
   775 | D:3      | Reached XP level 5. HP: 20/45 MP: 0/8
  1366 | D:4      | Reached skill level 7 in Unarmed Combat
  1366 | D:4      | Reached XP level 6. HP: 25/51 MP: 4/9
  1465 | D:4      | Reached skill level 8 in Unarmed Combat
  1561 | D:4      | Reached XP level 7. HP: 53/57 MP: 6/10
  1673 | D:5      | Entered Level 5 of the Dungeon
  1807 | D:5      | Upgraded the game from 0.30-a0-310-g7d6cbdfea6 to
                  | 0.30-a0-311-gf115ab0292
  1837 | D:5      | Reached skill level 9 in Unarmed Combat
  1886 | D:5      | Reached skill level 1 in Dodging
  1952 | D:5      | Reached XP level 8. HP: 17/66 MP: 2/11
  2249 | D:5      | Found a stormy altar of Qazlal.
  2260 | D:6      | Found a sacrificial altar of Ru.
  2265 | D:6      | Reached skill level 10 in Unarmed Combat
  2442 | D:6      | Fell from the grace of Ignis
  2442 | D:6      | Became a worshipper of Ru the Awakened
  2443 | D:6      | Upgraded the game from 0.30-a0-311-gf115ab0292 to
                  | 0.30-a0-313-gae38170b09
  2447 | D:6      | Identified a scroll of acquirement
  2447 | D:6      | Acquired a scarf of repulsion
  2472 | D:6      | Found a shimmering altar of Xom.
  2491 | D:6      | Reached skill level 5 in Fighting
  2491 | D:6      | Gained mutation: You passively map the area around you.
                  | [Meteoran growth]
  2491 | D:6      | Reached XP level 9. HP: 56/74 MP: 12/12
  2513 | D:6      | Slain by a wight

Illustrated notes

Levels and vault maps discovered:
D:1:      roderic_octagonal_star, layout_basic
D:2:      layout_loops_ring, serial_shops, nicolae_shop_bloodbath_and_beyond,
          minmay_increasing_density
D:3:      layout_loops_ring, hangedman_decor_push
D:4:      minmay_chambers_of_threes, layout_basic, uniq_blork_the_orc
D:5:      layout_loops_ring, nicolae_qazlal_eye_of_the_storm,
          kennysheep_cross_bottleneck, uniq_ijyb
D:6:      layout_basic, nicolae_overflow_hidden_temple,
          nicolae_overflow_squiral, mainiacjoe_overflow_catch_the_wave,
          roderic_serpentine_path, mrwooster_statue_mirror

Skill      XL: |  1  2  3  4  5  6  7  8  9 |
---------------+----------------------------+-----
Unarmed Combat | 4 6 7 8 9 10 | 10.9
Dodging        | 2 3 4 |  4.1
Fighting       | 5 |  5.2
Spellcasting   | |  1.5
Fire Magic     | |  3.8

Action                   |  1- 3 |  4- 6 |  7- 9 || total
-------------------------+-------+-------+-------++-------
Melee: Unarmed           |    48 |   104 |    76 ||   228
       Punch             |     2 |     3 |     7 ||    12
 Cast: Scorch            |    12 |    15 |    50 ||    77
  Use: Scroll            |       |       |    12 ||    12
Armor: Robe              |    20 |    36 |    31 ||    87
Dodge: Dodged            |    32 |    65 |    55 ||   152

Table legend: (Time is in decaauts)
 A = Elapsed time spent in this place.
 B = Non-inter-level travel time spent in this place.
 C = Inter-level travel time spent in this place.
 D = Time resting spent in this place.
 E = Time spent auto-exploring this place.
 F = Levels seen in this place.
 G = Mean time per level.
                   A        B        C        D        E       F      G
               +--------+--------+--------+--------+--------+-----+--------+
         Total |   2481 |   2145 |    336 |      0 |   1419 |   6 |  413.5 |
       Dungeon |   2481 |   2145 |    336 |      0 |   1419 |   6 |  413.5 |
               +--------+--------+--------+--------+--------+-----+--------+

Top non-repeatable levels by time:
     D:5: 629 daAuts
     D:2: 540 daAuts
     D:4: 482 daAuts
     D:3: 424 daAuts
     D:1: 206 daAuts
     D:6: 197 daAuts
